 Dungeon Crawl Stone Soup version 0.22-a0-271-gc000056 (webtiles) character file.

12084 tidbits the Martial Artist (level 11, -9/84 HPs)
             Began as a Gnoll Transmuter on Mar 11, 2018.
             Was an Elder of Cheibriados.
             Killed from afar by a ynoxinul (32 damage)
             ... with an iron shot
             ... summoned by an orc high priest
             ... on level 2 of the Orcish Mines.
             The game lasted 00:37:15 (3244 turns).

tidbits the Martial Artist (Gnoll Transmuter)       Turns: 3244, Time: 00:37:16

Health: -9/84      AC: 11    Str: 26    XL:     11   Next: 87%
Magic:  6/23       EV: 23    Int: 29    God:    Cheibriados [****..]
Gold:   288        SH:  0    Dex: 36    Spells: 2/26 levels left

rFire    . . .     SeeInvis +     - Unarmed
rCold    . . .     Gourm    .   (shield currently unavailable)
rNeg     . . .     Faith    .   B - +0 steam dragon scales
rPois    .         Spirit   .   E - +2 hat {MR+}
rElec    .         Reflect  .   C - +0 cloak
rCorr    .         Harm     +   (gloves currently unavailable)
MR       +....     Rnd*Rage +   F - +0 pair of boots
Stlth    +++++.....             s - amulet of Mameyfesi {Harm *Drain rC- Str+4 Int+2 Dex+4}
HPRegen  0.24/turn              u - ring of protection from cold
MPRegen  0.18/turn              X - +3 ring of dexterity

@: blade hands, very slow
A: distributed training, fangs 1, see invisible, agile 2, berserk 1, strong nose
a: End Transformation, Bend Time, Temporal Distortion, Slouch, Renounce Religion


You were on level 2 of the Orcish Mines.
You worshipped Cheibriados.
Cheibriados was greatly pleased with you.
You were hungry.
You had blades for hands.
You visited 3 branches of the dungeon, and saw 14 of its levels.

You collected 340 gold pieces.
You spent 52 gold pieces at shops.

Inventory:

Hand Weapons
 a - a +2 dagger of venom (melded)
   (You took it off a goblin on level 1 of the Dungeon)
 b - a cursed +3 scimitar
 p - a +4 dire flail of protection
   (You took it off a two-headed ogre on level 8 of the Dungeon)
 y - a +0 shortbow
 A - a +2 battleaxe
 P - a +0 hunting sling
Missiles
 c - a tomahawk of dispersal {!f}
 f - 9 stones
 g - 4 tomahawks
 h - 108 arrows
 k - 2 javelins (quivered)
 t - a throwing net {!f}
 Q - 23 sling bullets
Armour
 e - a +0 robe
 z - a -1 pair of gloves
 B - +0 steam dragon scales (worn)
 C - a +0 cloak (worn)
 E - a +2 hat of magic resistance (worn)
   (You took it off Gastronok on level 9 of the Dungeon)
 F - a +0 pair of boots (worn)
 G - a +0 pair of gloves (melded)
 N - a +1 robe of the Archmagi
   (You took it off Blork the orc on level 6 of the Dungeon)
Magical Staves
 x - an uncursed staff of air
   (You found it on level 5 of the Dungeon)
Jewellery
 o - a +3 amulet of reflection
   (You found it on level 3 of the Dungeon)
 s - the amulet of Mameyfesi (around neck) {Harm *Drain rC- Str+4 Int+2 Dex+4}
   (You acquired it on level 9 of the Dungeon)

   [amulet of harm]

   It increases damage dealt and taken.
   It affects your strength (+4).
   It affects your intelligence (+2).
   It affects your dexterity (+4).
   It makes you vulnerable to cold.
   It causes draining when unequipped.
 u - a ring of protection from cold (left scythe-like blade)
   (You found it on level 8 of the Dungeon)
 H - an uncursed ring of loudness
   (You found it on level 10 of the Dungeon)
 L - an uncursed ring of teleportation
   (You found it on level 8 of the Dungeon)
 X - a +3 ring of dexterity (right scythe-like blade)
   (You found it on level 9 of the Dungeon)
Wands
 D - a wand of scattershot (6)
 R - a wand of disintegration (18)
Scrolls
 i - 2 scrolls of immolation
 l - a scroll of amnesia
 m - 3 scrolls of teleportation
 n - a scroll of fear
 q - 2 scrolls of enchant weapon
 r - 3 scrolls of remove curse
 v - a scroll of fog
 O - a scroll of magic mapping {unknown}
Potions
 j - a potion of resistance
 w - 2 potions of cancellation
 I - 3 potions of brilliance
 J - a potion of heal wounds
 K - 2 potions of curing {unknown}
 M - 2 potions of lignification {unknown}
Comestibles
 d - 8 rations


   Skills:
 + Level 7.1 Fighting
 + Level 6.6 Short Blades
 + Level 6.6 Long Blades
 + Level 6.6 Axes
 + Level 6.6 Maces & Flails
 + Level 6.6 Polearms
 + Level 6.6 Staves
 + Level 6.6 Slings
 + Level 6.6 Bows
 + Level 6.6 Crossbows
 + Level 6.6 Throwing
 + Level 6.6 Armour
 + Level 8.1 Dodging
 + Level 6.6 Stealth
 + Level 6.6 Shields
 + Level 9.3 Unarmed Combat
 + Level 8.3 Spellcasting
 + Level 5.4 Conjurations
 + Level 5.4 Hexes
 + Level 5.4 Charms
 + Level 5.4 Summonings
 + Level 5.4 Necromancy
 + Level 5.4 Translocations
 + Level 6.7 Transmutations
 + Level 5.4 Fire Magic
 + Level 5.4 Ice Magic
 + Level 5.4 Air Magic
 + Level 5.4 Earth Magic
 + Level 5.4 Poison Magic
 + Level 7.2 Invocations
 + Level 6.6 Evocations


You had 2 spell levels left.
You knew the following spells:

 Your Spells              Type           Power        Failure   Level  Hunger
e - Beastly Appendage     Tmut           ######       10%         1    None
h - Blade Hands           Tmut           ######....   41%         5    ####...
i - Ice Form              Ice/Tmut       #####...     28%         4    #......
k - Sticks to Snakes      Tmut           ######..     11%         2    None
p - Spider Form           Tmut/Pois      #####.....   16%         3    None
v - Borgnjor's Vile Clut  Necr/Erth      #####.....   52%         5    ####...
N - Animate Dead          Necr           N/A          32%         4    #......


Dungeon Overview and Level Annotations

Branches:
Dungeon (11/15)              Lair (1/6) D:10            Orc (2/2) D:9
 Temple: D:4-7          Elf: Orc:2

Altars:
Cheibriados
Fedhas
Gozag
Hepliaklqana
Makhleb
Okawaru
Sif Muna
Trog
Vehumet
Xom

Shops:
D:11 (   Orc:2 *

Annotations:
Lair:1 exclusions: 2 electric eels and hydra


Innate Abilities, Weirdness & Mutations

Your experience applies equally to all skills.
You have very sharp teeth.
Your uncanny sense of smell can sniff out nearby items.
You have supernaturally acute eyesight. (SInv)
You are very agile. (Dex +4)
You tend to lose your temper in combat.


Message History

k - 2 javelins The orc shouts!
You hit the orc but do no damage. The orc hits you but does no damage.
You slash the orc!
You kill the orc!
Cheibriados appreciates the change of pace.
Things that are here:
a short sword; a chain mail
Items here: ( ) [ † a dagger; a robe; 3 javelins; an orc corpse Unknown command.
Your hands revert to their normal proportions.
Your +2 dagger of venom unmelds from your body.
Your +0 pair of gloves unmelds from your body.
Your +2 dagger of venom begins to drip with poison!
k - 5 javelins (gained 3) Throwing (i - inventory. (/) - cycle)
k - 5 javelins (quivered)
Press: ? - help, Shift-Dir - straight line, f - orc priest
Aim: an orc priest, wielding a whip of freezing and wearing a scale mail (hasn't noticed you)
You throw a javelin. The orc priest shouts!
The javelin hits the orc priest!
You kill the orc priest!
Cheibriados appreciates the change of pace.
You hear a shout! x3
An orc high priest comes into view. It is wielding a trident.
Search for what [Enter for "regen", or ? for help]? regen Can't find anything matching that.
Unknown command.
Okay, then.
An orc high priest comes into view. It is wielding a short sword.
Throwing (i - inventory. (/) - cycle)
k - 4 javelins (quivered)
Press: ? - help, Shift-Dir - straight line, f - orc high priest
Aim: an orc high priest, wielding a short sword (hasn't noticed you)
You throw a javelin. The orc high priest shouts!
The javelin hits the orc high priest!!
The orc high priest is heavily wounded.
You hear a howl!
You hear a shout! x3
The orc high priest utters an invocation to Beogh.
Unknown command.
Throwing (i - inventory. (/) - cycle)
k - 3 javelins (quivered)
Press: ? - help, Shift-Dir - straight line, f/p - orc high priest
Aim: an orc high priest, wielding a short sword (heavily wounded)
You throw a javelin. The javelin misses the orc high priest.
The orc high priest shouts!
The orc shouts!
You hear a shout!
The orc high priest calls upon Beogh to heal the orc high priest.
The orc high priest is healed somewhat.
A warg comes into view.
Casting: Blade Hands (safe; 8% risk of failure)
Confirm with . or Enter, or press ? or * to list all spells.
You create a snake!
You now have 108 arrows.
Casting: Sticks to Snakes (safe; 1% risk of failure)
Confirm with . or Enter, or press ? or * to list all spells.
Your hands turn into razor-sharp scythe blades.
Your +2 dagger of venom melds into your body.
Your +0 pair of gloves melds into your body.
Your +2 dagger of venom stops dripping with poison.
The warg completely misses you.
You shred the warg!!!
You kill the warg!
Cheibriados thoroughly appreciates the change of pace.
You hear a shout! x5
Unknown command.
You slice the orc!!
You kill the orc!
Cheibriados thoroughly appreciates the change of pace.
You slice the orc high priest!!
The orc high priest is severely wounded.
Your adder bites the orc high priest.
The orc high priest is poisoned.
Your adder poisons the orc high priest!
The orc high priest prays to Beogh.
Your adder barely misses the orc high priest.
Unknown command.
You slash the orc high priest!
The orc high priest is almost dead.
You are feeling hungry.
The orc high priest completely misses you.
Your adder completely misses the orc high priest.
You shred the orc high priest!!!
You kill the orc high priest!
Cheibriados appreciates the change of pace.
The sixfirhy disappears in a puff of smoke! x2
The orc high priest utters an invocation to Beogh.
Unknown command.
The orc high priest barely misses you. The orc high priest closely misses you.
The ynoxinul gestures at you. The iron shot hits you!
* * * LOW HITPOINT WARNING * * *
Your adder bites the ynoxinul.
The orc high priest hits you with a trident.
* * * LOW HITPOINT WARNING * * *
The ynoxinul hits you but does no damage.
Your adder barely misses the ynoxinul.
The orc high priest misses you.
Unknown command.
You hit the orc high priest.
The orc high priest is lightly wounded.
The ynoxinul gestures at you. The iron shot hits you!
You die...

##..................##
.............P.......##
........P....).P......#
......PP...∩.))....####
..(................#
..........8........#
......P...)P.P..### o.
......o.P).....## ..o
..#.3@.)P..#.# .ho.
##.S§...####
....#####.§.....#
..o#..#.##§....##
........#.§...##
#.........####
#....o......#
#.........####
####.......#


You could see an orc high priest, a ynoxinul and a friendly adder.

Vanquished Creatures
  Gastronok (D:9)
  3 two-headed ogres
  An orc high priest (Orc:2)
  An orc knight (Orc:2)
  A cyclops (D:11)
  Maurice (D:9)
  Joseph (D:10)
  A centaur zombie (D:11)
  A gargoyle (D:10)
  A komodo dragon (D:10)
  A troll (Orc:2)
  2 hippogriffs (D:11)
  6 yaks
  2 wyverns
  Grum (D:9)
  A steam dragon (D:10)
  2 wargs (Orc:2)
  An acid dragon (D:9)
  7 orc warriors
  A porcupine (D:10)
  A sky beast (D:5)
  2 necrophages
  A phantom (D:9)
  3 centaurs
  2 ogres (D:6)
  5 wolves
  3 big kobolds
  Blork the orc (D:6)
  A scorpion (D:7)
  3 howler monkeys
  5 wights (D:6)
  A crimson imp (D:5)
  A bullfrog zombie (D:11)
  3 hounds
  2 jellies
  9 orc priests
  9 orc wizards
  A bullfrog skeleton (D:6)
  3 iguanas
  3 worker ants
  A hound zombie (D:11)
  2 hound skeletons
  A mummy (D:10)
  4 adders
  A shadow imp (D:6)
  2 white imps (D:10)
  An ooze (D:6)
  2 worms (D:2)
  A leopard gecko (D:6)
  22 orcs
  9 bats
  4 goblins
  2 hobgoblins
  8 jackals
  15 kobolds
  2 quokkas (D:9)
  A ball python (D:2)
  A ball python skeleton (D:4)
  2 frilled lizards
  A quokka zombie (D:6)
  2 rats (D:1)
179 creatures vanquished.

Vanquished Creatures (collateral kills)
  A porcupine (D:10)
  An orc warrior (Orc:2)
  A black bear (D:10)
  An ogre (D:5)
  A bullfrog (D:11)
  3 orcs
  A giant cockroach (D:5)
  2 goblins (D:1)
  3 kobolds
14 creatures vanquished.

Vanquished Creatures (others)
  7 fungi (Orc:2)
7 creatures vanquished.

Grand Total: 200 creatures vanquished

Notes
Turn   | Place    | Note
-------+----------+-------------------------------------------
     0 | D:1      | tidbits the Gnoll Transmuter began the quest for the Orb.
     0 | D:1      | Reached XP level 1. HP: 17/17 MP: 6/6
    48 | D:1      | Reached XP level 2. HP: 23/23 MP: 5/7
    52 | D:1      | Learned a level 2 spell: Sticks to Snakes
   291 | D:2      | Reached skill level 5 in Spellcasting
   291 | D:2      | Reached XP level 3. HP: 22/28 MP: 7/9
   296 | D:2      | Learned a level 3 spell: Spider Form
   426 | D:2      | Reached skill level 1 in Invocations
   539 | D:4      | Reached skill level 1 in Short Blades
   539 | D:4      | Reached skill level 1 in Long Blades
   539 | D:4      | Reached skill level 1 in Axes
   539 | D:4      | Reached skill level 1 in Maces & Flails
   539 | D:4      | Reached skill level 1 in Polearms
   539 | D:4      | Reached skill level 1 in Staves
   539 | D:4      | Reached skill level 1 in Slings
   539 | D:4      | Reached skill level 1 in Bows
   539 | D:4      | Reached skill level 1 in Crossbows
   539 | D:4      | Reached skill level 1 in Throwing
   539 | D:4      | Reached skill level 1 in Armour
   539 | D:4      | Reached skill level 1 in Stealth
   539 | D:4      | Reached skill level 1 in Shields
   539 | D:4      | Reached skill level 1 in Evocations
   539 | D:4      | Reached XP level 4. HP: 34/34 MP: 7/11
   565 | D:4      | Reached skill level 1 in Conjurations
   565 | D:4      | Reached skill level 1 in Hexes
   565 | D:4      | Reached skill level 1 in Charms
   565 | D:4      | Reached skill level 1 in Summonings
   565 | D:4      | Reached skill level 1 in Necromancy
   565 | D:4      | Reached skill level 1 in Translocations
   565 | D:4      | Reached skill level 1 in Fire Magic
   565 | D:4      | Reached skill level 1 in Ice Magic
   565 | D:4      | Reached skill level 1 in Air Magic
   565 | D:4      | Reached skill level 1 in Earth Magic
   565 | D:4      | Reached skill level 1 in Poison Magic
   567 | D:4      | Reached XP level 5. HP: 38/40 MP: 3/12
   572 | D:4      | Reached skill level 3 in Fighting
   664 | D:5      | Entered Level 5 of the Dungeon
   744 | D:4      | Found a bloodstained altar of Trog.
   745 | D:4      | Found a blossoming altar of Fedhas.
   777 | D:4      | Reached skill level 4 in Transmutations
   799 | D:4      | Reached XP level 6. HP: 9/47 MP: 1/13
   801 | D:4      | Reached skill level 2 in Invocations
   804 | D:4      | Gained mutation: You are agile. (Dex +2) [potion of mutation]
   804 | D:4      | Gained mutation: You are very agile. (Dex +4) [potion of mutation]
   804 | D:4      | Gained mutation: You tend to lose your temper in combat. [potion of mutation]
   804 | D:4      | Gained mutation: You have supernaturally acute eyesight. (SInv) [potion of mutation]
   879 | D:4      | Found a snail-covered altar of Cheibriados.
  1006 | D:5      | Reached skill level 5 in Dodging
  1089 | D:5      | Reached skill level 2 in Short Blades
  1089 | D:5      | Reached skill level 2 in Long Blades
  1089 | D:5      | Reached skill level 2 in Axes
  1089 | D:5      | Reached skill level 2 in Maces & Flails
  1089 | D:5      | Reached skill level 2 in Polearms
  1089 | D:5      | Reached skill level 2 in Staves
  1089 | D:5      | Reached skill level 2 in Slings
  1089 | D:5      | Reached skill level 2 in Bows
  1089 | D:5      | Reached skill level 2 in Crossbows
  1089 | D:5      | Reached skill level 2 in Throwing
  1089 | D:5      | Reached skill level 2 in Armour
  1089 | D:5      | Reached skill level 2 in Stealth
  1089 | D:5      | Reached skill level 2 in Shields
  1089 | D:5      | Reached skill level 2 in Evocations
  1197 | D:4      | Became a worshipper of Cheibriados the Contemplative
  1268 | D:5      | Found an iron altar of Okawaru.
  1290 | D:5      | Noticed a sky beast
  1302 | D:5      | Killed a sky beast
  1302 | D:5      | Reached XP level 7. HP: 21/52 MP: 5/15
  1304 | D:5      | Reached skill level 7 in Unarmed Combat
  1377 | D:6      | Reached skill level 2 in Conjurations
  1377 | D:6      | Reached skill level 2 in Hexes
  1377 | D:6      | Reached skill level 2 in Charms
  1377 | D:6      | Reached skill level 2 in Summonings
  1377 | D:6      | Reached skill level 2 in Necromancy
  1377 | D:6      | Reached skill level 2 in Translocations
  1377 | D:6      | Reached skill level 2 in Fire Magic
  1377 | D:6      | Reached skill level 2 in Ice Magic
  1377 | D:6      | Reached skill level 2 in Air Magic
  1377 | D:6      | Reached skill level 2 in Earth Magic
  1377 | D:6      | Reached skill level 2 in Poison Magic
  1405 | D:6      | Reached skill level 3 in Invocations
  1456 | D:6      | Reached XP level 8. HP: 31/60 MP: 10/16
  1471 | D:6      | Reached skill level 4 in Fighting
  1471 | D:6      | Reached skill level 3 in Short Blades
  1471 | D:6      | Reached skill level 3 in Long Blades
  1471 | D:6      | Reached skill level 3 in Axes
  1471 | D:6      | Reached skill level 3 in Maces & Flails
  1471 | D:6      | Reached skill level 3 in Polearms
  1471 | D:6      | Reached skill level 3 in Staves
  1471 | D:6      | Reached skill level 3 in Slings
  1471 | D:6      | Reached skill level 3 in Bows
  1471 | D:6      | Reached skill level 3 in Crossbows
  1471 | D:6      | Reached skill level 3 in Throwing
  1471 | D:6      | Reached skill level 3 in Armour
  1471 | D:6      | Reached skill level 3 in Stealth
  1471 | D:6      | Reached skill level 3 in Shields
  1471 | D:6      | Reached skill level 3 in Evocations
  1478 | D:6      | Reached * piety under Cheibriados
  1491 | D:6      | Noticed Blork the orc
  1567 | D:6      | Killed Blork the orc
  1578 | D:5      | Reached skill level 6 in Spellcasting
  1719 | D:7      | Found a radiant altar of Vehumet.
  1719 | D:7      | Found an opulent altar of Gozag.
  1868 | D:8      | Noticed a wyvern
  1874 | D:8      | Killed a wyvern
  1963 | D:8      | Found a shimmering altar of Xom.
  1977 | D:8      | Reached ** piety under Cheibriados
  1995 | D:8      | Found a hazy altar of Hepliaklqana.
  2002 | D:8      | Noticed a two-headed ogre
  2012 | D:8      | Found a shimmering altar of Xom.
  2013 | D:8      | Found a shimmering altar of Xom.
  2014 | D:8      | Found a shimmering altar of Xom.
  2015 | D:8      | Found a shimmering altar of Xom.
  2028 | D:8      | Killed a two-headed ogre
  2028 | D:8      | Reached skill level 4 in Short Blades
  2028 | D:8      | Reached skill level 4 in Long Blades
  2028 | D:8      | Reached skill level 4 in Axes
  2028 | D:8      | Reached skill level 4 in Maces & Flails
  2028 | D:8      | Reached skill level 4 in Polearms
  2028 | D:8      | Reached skill level 4 in Staves
  2028 | D:8      | Reached skill level 4 in Slings
  2028 | D:8      | Reached skill level 4 in Bows
  2028 | D:8      | Reached skill level 4 in Crossbows
  2028 | D:8      | Reached skill level 4 in Throwing
  2028 | D:8      | Reached skill level 4 in Armour
  2028 | D:8      | Reached skill level 6 in Dodging
  2028 | D:8      | Reached skill level 4 in Stealth
  2028 | D:8      | Reached skill level 4 in Shields
  2028 | D:8      | Reached skill level 3 in Conjurations
  2028 | D:8      | Reached skill level 3 in Hexes
  2028 | D:8      | Reached skill level 3 in Charms
  2028 | D:8      | Reached skill level 3 in Summonings
  2028 | D:8      | Reached skill level 3 in Necromancy
  2028 | D:8      | Reached skill level 3 in Translocations
  2028 | D:8      | Reached skill level 5 in Transmutations
  2028 | D:8      | Reached skill level 3 in Fire Magic
  2028 | D:8      | Reached skill level 3 in Ice Magic
  2028 | D:8      | Reached skill level 3 in Air Magic
  2028 | D:8      | Reached skill level 3 in Earth Magic
  2028 | D:8      | Reached skill level 3 in Poison Magic
  2028 | D:8      | Reached skill level 4 in Invocations
  2028 | D:8      | Reached skill level 4 in Evocations
  2028 | D:8      | Reached XP level 9. HP: 58/67 MP: 14/18
  2065 | D:8      | Found a deep blue altar of Sif Muna.
  2103 | D:9      | Learned a level 5 spell: Blade Hands
  2108 | D:9      | Learned a level 4 spell: Animate Dead
  2109 | D:9      | Noticed Grum
  2113 | D:9      | Reached skill level 5 in Fighting
  2116 | D:9      | Killed Grum
  2192 | D:9      | Noticed Gastronok
  2204 | D:9      | Killed Gastronok
  2204 | D:9      | Reached skill level 8 in Unarmed Combat
  2204 | D:9      | Reached skill level 7 in Spellcasting
  2204 | D:9      | Reached skill level 4 in Conjurations
  2204 | D:9      | Reached skill level 4 in Hexes
  2204 | D:9      | Reached skill level 4 in Charms
  2204 | D:9      | Reached skill level 4 in Summonings
  2204 | D:9      | Reached skill level 4 in Necromancy
  2204 | D:9      | Reached skill level 4 in Translocations
  2204 | D:9      | Reached skill level 4 in Fire Magic
  2204 | D:9      | Reached skill level 4 in Ice Magic
  2204 | D:9      | Reached skill level 4 in Air Magic
  2204 | D:9      | Reached skill level 4 in Earth Magic
  2204 | D:9      | Reached skill level 4 in Poison Magic
  2204 | D:9      | Reached skill level 5 in Invocations
  2204 | D:9      | Reached XP level 10. HP: 43/75 MP: 9/20
  2216 | D:10     | Entered Level 10 of the Dungeon
  2216 | D:10     | Noticed Joseph
  2245 | D:9      | Reached skill level 5 in Short Blades
  2245 | D:9      | Reached skill level 5 in Long Blades
  2245 | D:9      | Reached skill level 5 in Axes
  2245 | D:9      | Reached skill level 5 in Maces & Flails
  2245 | D:9      | Reached skill level 5 in Polearms
  2245 | D:9      | Reached skill level 5 in Staves
  2245 | D:9      | Reached skill level 5 in Slings
  2245 | D:9      | Reached skill level 5 in Bows
  2245 | D:9      | Reached skill level 5 in Crossbows
  2245 | D:9      | Reached skill level 5 in Throwing
  2245 | D:9      | Reached skill level 5 in Armour
  2245 | D:9      | Reached skill level 5 in Stealth
  2245 | D:9      | Reached skill level 5 in Shields
  2245 | D:9      | Reached skill level 5 in Evocations
  2274 | D:9      | Identified a scroll of acquirement
  2298 | D:9      | Got a wavering sapphire amulet
  2300 | D:9      | Identified the amulet of Mameyfesi {Harm *Drain rC- Str+4 Int+2 Dex+4} (You acquired it on level 9 of the Dungeon)
  2319 | D:9      | Noticed Maurice
  2326 | D:9      | Killed Maurice
  2376 | D:9      | Reached skill level 7 in Dodging
  2390 | D:9      | Noticed a two-headed ogre
  2394 | D:9      | Killed a two-headed ogre
  2394 | D:9      | Reached skill level 6 in Fighting
  2408 | D:9      | Found a staircase to the Orcish Mines.
  2410 | D:8      | Noticed a two-headed ogre
  2416 | D:8      | Killed a two-headed ogre
  2416 | D:8      | Reached skill level 6 in Transmutations
  2416 | D:8      | Reached skill level 6 in Invocations
  2420 | D:8      | Reached *** piety under Cheibriados
  2610 | D:9      | Found a burning altar of Makhleb.
  2623 | D:9      | Found a snail-covered altar of Cheibriados.
  2662 | D:10     | Reached XP level 11. HP: 82/82 MP: 18/22
  2716 | D:10     | Killed Joseph
  2774 | D:10     | Reached **** piety under Cheibriados
  2807 | D:10     | Reached skill level 6 in Short Blades
  2807 | D:10     | Reached skill level 6 in Long Blades
  2807 | D:10     | Reached skill level 6 in Axes
  2807 | D:10     | Reached skill level 6 in Maces & Flails
  2807 | D:10     | Reached skill level 6 in Polearms
  2807 | D:10     | Reached skill level 6 in Staves
  2807 | D:10     | Reached skill level 6 in Slings
  2807 | D:10     | Reached skill level 6 in Bows
  2807 | D:10     | Reached skill level 6 in Crossbows
  2807 | D:10     | Reached skill level 6 in Throwing
  2807 | D:10     | Reached skill level 6 in Armour
  2807 | D:10     | Reached skill level 6 in Stealth
  2807 | D:10     | Reached skill level 6 in Shields
  2807 | D:10     | Reached skill level 9 in Unarmed Combat
  2807 | D:10     | Reached skill level 6 in Evocations
  2855 | D:10     | Reached skill level 5 in Conjurations
  2855 | D:10     | Reached skill level 5 in Hexes
  2855 | D:10     | Reached skill level 5 in Charms
  2855 | D:10     | Reached skill level 5 in Summonings
  2855 | D:10     | Reached skill level 5 in Necromancy
  2855 | D:10     | Reached skill level 5 in Translocations
  2855 | D:10     | Reached skill level 5 in Fire Magic
  2855 | D:10     | Reached skill level 5 in Ice Magic
  2855 | D:10     | Reached skill level 5 in Air Magic
  2855 | D:10     | Reached skill level 5 in Earth Magic
  2855 | D:10     | Reached skill level 5 in Poison Magic
  2888 | D:10     | Learned a level 4 spell: Ice Form
  2896 | D:10     | Found a staircase to the Lair.
  2901 | Lair:1   | Entered Level 1 of the Lair of Beasts
  2901 | Lair:1   | Noticed an eight-headed hydra
  2925 | D:11     | Found Dedaef's Antique Weapon Boutique.
  2945 | D:11     | Reached skill level 8 in Spellcasting
  2970 | D:11     | Noticed a cyclops
  2980 | D:11     | Killed a cyclops
  3013 | D:11     | Learned a level 5 spell: Borgnjor's Vile Clutch
  3053 | Orc:1    | Entered Level 1 of the Orcish Mines
  3076 | Orc:2    | Entered Level 2 of the Orcish Mines
  3159 | Orc:2    | Reached skill level 7 in Invocations
  3170 | Orc:2    | Found Tiumaumi's General Store.
  3176 | Orc:2    | Noticed an orc knight
  3180 | Orc:2    | Reached skill level 7 in Fighting
  3180 | Orc:2    | Reached skill level 8 in Dodging
  3190 | Orc:2    | Killed an orc knight
  3196 | Orc:2    | Bought a potion of brilliance for 52 gold pieces
  3228 | Orc:2    | Noticed an orc high priest
  3229 | Orc:2    | Noticed an orc high priest
  3240 | Orc:2    | Noticed a sixfirhy
  3240 | Orc:2    | Noticed a sixfirhy
  3241 | Orc:2    | Killed an orc high priest
  3244 | Orc:2    | Killed from afar by a ynoxinul

Vault maps used:
D:1:      eino_arrival_tree_alley, serial_bayou, serial_bayou_pond_b,
          serial_bayou_pond_c, serial_bayou_lagoon_a, serial_bayou_pond_e,
          eino_curves_02
D:2:      first_ration, uniq_terence
D:3:      nicolae_overflow_crystal_walls, lemuel_crystal_altar
D:4:      nicolae_overflow_hidden_temple, gammafunk_temple_overflow_statue,
          minmay_temple_entry_trees, minivault_23, hangedman_decor_lopped
D:5:      okawaru_trees_1, lemuel_round_altar, basic_altar
D:6:      uniq_blork_the_orc
D:7:      lemuel_mausoleum_altar_yredelemnul, gammafunk_temple_overflow_wave,
          grunt_livestock
D:8:      overflow_temple_1_default, lemuel_crystal_altar, xom_shifter_show
D:9:      lemuel_crystal_altar, orc_0_dummy, basic_altar,
          hangedman_decor_points, uniq_grum, uniq_gastronok, uniq_maurice
D:10:     grunt_lair_entry_orc_guard_hut, serial_ice, serial_ice_o,
          serial_ice_e, serial_ice_a, serial_ice_f, serial_ice_h,
          due_unseen_surprise, uniq_joseph
D:11:     serial_shops, nicolae_shop_waterfront, serial_undead, serial_undead_f,
          serial_undead_d, serial_undead_c, serial_undead_d
Lair:1:   basic_altar, dpeg_stationary_puzzle, infiniplex_staircase_pool
Orc:1:    nicolae_orc_accident_1, kennysheep_orc_chapel, uniq_josephine
Orc:2:    grunt_orc_gardens, grunt_orc_garden, grunt_orc_garden,
          grunt_orc_garden, grunt_orc_garden, minmay_orc_temple_c

Skill      XL: |  1  2  3  4  5  6  7  8  9 10 11 |
---------------+----------------------------------+-----
Spellcasting   | 5 6 7 8 |  8.3
Invocations    | 1 2 3 4 5 6 7 |  7.2
Short Blades   | 1 2 4 5 6 |  6.6
Long Blades    | 1 2 4 5 6 |  6.6
Axes           | 1 2 4 5 6 |  6.6
Maces & Flails | 1 2 4 5 6 |  6.6
Polearms       | 1 2 4 5 6 |  6.6
Staves         | 1 2 4 5 6 |  6.6
Slings         | 1 2 4 5 6 |  6.6
Bows           | 1 2 4 5 6 |  6.6
Crossbows      | 1 2 4 5 6 |  6.6
Throwing       | 1 2 4 5 6 |  6.6
Armour         | 1 2 4 5 6 |  6.6
Stealth        | 1 2 4 5 6 |  6.6
Shields        | 1 2 4 5 6 |  6.6
Evocations     | 1 2 4 5 6 |  6.6
Conjurations   | 1 2 3 4 5 |  5.4
Hexes          | 1 2 3 4 5 |  5.4
Charms         | 1 2 3 4 5 |  5.4
Summonings     | 1 2 3 4 5 |  5.4
Necromancy     | 1 2 3 4 5 |  5.4
Translocations | 1 2 3 4 5 |  5.4
Fire Magic     | 1 2 3 4 5 |  5.4
Ice Magic      | 1 2 3 4 5 |  5.4
Air Magic      | 1 2 3 4 5 |  5.4
Earth Magic    | 1 2 3 4 5 |  5.4
Poison Magic   | 1 2 3 4 5 |  5.4
Fighting       | 3 4 5 6 7 |  7.1
Transmutations | 4 5 6 |  6.7
Dodging        | 5 6 7 8 |  8.1
Unarmed Combat | 7 8 9 |  9.3

Action                   |  1- 3 |  4- 6 |  7- 9 | 10-12 || total
-------------------------+-------+-------+-------+-------++-------
Melee: Unarmed           |    28 |    56 |   128 |   108 ||   320
       Bite              |     4 |     2 |     3 |    20 ||    29
       Headbutt          |     3 |       |       |       ||     3
       Dagger            |    31 |     4 |     3 |     8 ||    46
       Kick              |     5 |       |       |       ||     5
       Punch             |     1 |       |     1 |     6 ||     8
Throw: Javelin           |       |       |     4 |    26 ||    30
 Cast: Beastly Appendage |    10 |       |       |       ||    10
       Sticks to Snakes  |     2 |     7 |    13 |    12 ||    34
       Spider Form       |     4 |     9 |    14 |       ||    27
       Blade Hands       |       |       |     2 |    18 ||    20
       Borgnjor's Vile C |       |       |       |     1 ||     1
Invok: Slouch            |       |       |       |     2 ||     2
 Abil: End Transformatio |       |       |     2 |     3 ||     5
Evoke: Wand              |       |       |       |     3 ||     3
  Use: Scroll            |       |     9 |     2 |     8 ||    19
       Potion            |       |     1 |     7 |     3 ||    11
 Stab: Sleeping          |     4 |     1 |     5 |     3 ||    13
       Distracted        |       |       |     1 |     2 ||     3
  Eat: Ration            |       |     1 |       |     1 ||     2
       Chunk             |       |       |     2 |     2 ||     4
Armor: Robe              |     9 |       |       |     2 ||    11
       Skin              |       |     2 |     1 |       ||     3
       Steam dragon scal |       |       |       |    13 ||    13
Dodge: Dodged            |    40 |    44 |    94 |    98 ||   276
Block: Other             |       |     8 |    13 |     2 ||    23
       Reflection        |       |       |     2 |       ||     2

Table legend:
 A = Spawn XP
 B = Non-spawn XP
 C = Spawn XP percentage of total XP
 D = Spawn monster count
 E = Non-spawn monster count
 F = Spawn count percentage of total count
 G = Total turns spent on level
                    A         B        C        D         E        F      G
               +---------+---------+-------+---------+---------+-------+---------
         Total |       0 |   17263 |   0.0 |       0 |     193 |   0.0 |  3244
               +---------+---------+-------+---------+---------+-------+---------
           D:1 |       0 |      29 |   0.0 |       0 |      18 |   0.0 |   249
           D:2 |       0 |      34 |   0.0 |       0 |      10 |   0.0 |   237
           D:3 |       0 |       3 |   0.0 |       0 |       2 |   0.0 |    97
           D:4 |       0 |     311 |   0.0 |       0 |      14 |   0.0 |   368
           D:5 |       0 |     466 |   0.0 |       0 |      11 |   0.0 |   421
           D:6 |       0 |     778 |   0.0 |       0 |      18 |   0.0 |   317
           D:7 |       0 |     288 |   0.0 |       0 |      14 |   0.0 |   225
           D:8 |       0 |    2405 |   0.0 |       0 |      17 |   0.0 |   245
           D:9 |       0 |    4224 |   0.0 |       0 |      17 |   0.0 |   488
          D:10 |       0 |    2721 |   0.0 |       0 |      22 |   0.0 |   279
          D:11 |       0 |    3153 |   0.0 |       0 |      28 |   0.0 |   125
         Orc:1 |       0 |     130 |   0.0 |       0 |       4 |   0.0 |    58
         Orc:2 |       0 |    2721 |   0.0 |       0 |      18 |   0.0 |   133
               +---------+---------+-------+---------+---------+-------+---------

Table legend:
 A = Turns spent in this place as a percentage of turns spent in the entire game.
 B = Non-inter-level travel turns spent in this place as a percentage of non-inter-level travel turns spent in the entire game.
 C = Inter-level travel turns spent in this place as a percentage of turns spent in this place.
 D = Turns resting spent in this place as a percentage of non-inter-level travel turns spent in this place.
 E = Turns spent auto-exploring this place as a percentage of non-inter-level travel turns spent in this place.
 F = Non-inter-level travel turns spent in this place divided by the number of levels of this place that you've seen.
                   A       B       C       D       E      F
               +-------+-------+-------+-------+-------+----------------------
         Total | 100.0 | 100.0 |   2.1 |   0.0 |   0.0 | 226.9
       Dungeon |  94.1 |  93.9 |   2.2 |   0.0 |   0.0 | 271.2
          Lair |   0.1 |   0.1 |   0.0 |   0.0 |   0.0 |   2.0
  Orcish Mines |   5.9 |   6.0 |   0.0 |   0.0 |   0.0 |  95.5
               +-------+-------+-------+-------+-------+----------------------

Table legend:
 A = Kills in this place as a percentage of kills in entire the game.
 B = Kills by you in this place as a percentage of kills by you in the entire game.
 C = Kills by friends in this place as a percentage of kills by friends in the entire game.
 D = Other kills in this place as a percentage of other kills in the entire game.
 E = Experience gained in this place as a percentage of experience gained in the entire game.
 F = Experience gained in this place divided by the number of levels of this place that you have seen.
                   A       B       C       D       E      F
               +-------+-------+-------+-------+-------+----------------------
         Total | 100.0 | 100.0 | 100.0 |   N/A | 100.0 | 1233.1
       Dungeon |  88.6 |  88.3 |  92.9 |   N/A |  83.5 | 1310.2
  Orcish Mines |  11.4 |  11.7 |   7.1 |   N/A |  16.5 | 1425.5
               +-------+-------+-------+-------+-------+----------------------

Vault maps used:
D:1:      eino_arrival_tree_alley, serial_bayou, serial_bayou_pond_b,
          serial_bayou_pond_c, serial_bayou_lagoon_a, serial_bayou_pond_e,
          eino_curves_02
D:2:      first_ration, uniq_terence
D:3:      nicolae_overflow_crystal_walls, lemuel_crystal_altar
D:4:      nicolae_overflow_hidden_temple, gammafunk_temple_overflow_statue,
          minmay_temple_entry_trees, minivault_23, hangedman_decor_lopped
D:5:      okawaru_trees_1, lemuel_round_altar, basic_altar
D:6:      uniq_blork_the_orc
D:7:      lemuel_mausoleum_altar_yredelemnul, gammafunk_temple_overflow_wave,
          grunt_livestock
D:8:      overflow_temple_1_default, lemuel_crystal_altar, xom_shifter_show
D:9:      lemuel_crystal_altar, orc_0_dummy, basic_altar,
          hangedman_decor_points, uniq_grum, uniq_gastronok, uniq_maurice
D:10:     grunt_lair_entry_orc_guard_hut, serial_ice, serial_ice_o,
          serial_ice_e, serial_ice_a, serial_ice_f, serial_ice_h,
          due_unseen_surprise, uniq_joseph
D:11:     serial_shops, nicolae_shop_waterfront, serial_undead, serial_undead_f,
          serial_undead_d, serial_undead_c, serial_undead_d
Lair:1:   basic_altar, dpeg_stationary_puzzle, infiniplex_staircase_pool
Orc:1:    nicolae_orc_accident_1, kennysheep_orc_chapel, uniq_josephine
Orc:2:    grunt_orc_gardens, grunt_orc_garden, grunt_orc_garden,
          grunt_orc_garden, grunt_orc_garden, minmay_orc_temple_c
